 Dungeon Crawl Stone Soup version 0.26-a0-487-gbff1e92059 (webtiles) character file.

Game seed: 17682138044433258049

104 Conn the Magician (level 4, -1/24 HPs)
             Began as a Deep Elf Hedge Wizard on Aug 2, 2020.
             Killed from afar by Natasha (6 damage)
             ... with a magic dart
             ... on level 3 of the Dungeon.
             The game lasted 00:06:04 (2744 turns).

Conn the Magician (Deep Elf Hedge Wizard)           Turns: 2744, Time: 00:06:06

Health: -1/24      AC:  2    Str:  7    XL:     4   Next: 52%
Magic:  9/13       EV: 13    Int: 20    God:
Gold:   83         SH:  0    Dex: 14    Spells: 3/14 levels left

rFire    . . .     SeeInvis .   k - +4 dagger
rCold    . . .     Faith    .   (no shield)
rNeg     . . .     Spirit   .   b - +0 robe
rPois    .         Reflect  .   c - +0 hat
rElec    .         Harm     .   (no cloak)
rCorr    .                      (no gloves)
MR       .....                  (no boots)
Stlth    +++.......             (no amulet)
HPRegen  0.08/turn              p - ring of stealth
MPRegen  0.13/turn              (no ring)

@: lethally poisoned (-1 -> -4)
A: no striking features
a: no special abilities


You were on level 3 of the Dungeon.
You visited 1 branch of the dungeon, and saw 3 of its levels.

You collected 83 gold pieces.

Inventory:

Hand Weapons
 a - a +0 dagger
 k - a +4 dagger (weapon)
Missiles
 e - 5 boomerangs
 q - 6 silver boomerangs (quivered)
 r - 10 poisoned darts
Armour
 b - a +0 robe (worn)
 c - a +0 hat (worn)
Jewellery
 p - a ring of stealth (left hand)
Scrolls
 f - 4 scrolls of fog {unknown}
 h - 5 scrolls of identify {unknown}
 i - 2 scrolls of magic mapping {unknown}
 m - a scroll of teleportation {unknown}
Potions
 d - a potion of stabbing
 g - a potion of flight {unknown}
 j - a potion of invisibility {unknown}
 l - a potion of curing
 n - a potion of degeneration {unknown}
 o - a potion of berserk rage {unknown}


   Skills:
 + Level 0.6 Fighting
 + Level 0.8 Short Blades
 + Level 3.1 Dodging
 + Level 3.1 Stealth
 + Level 5.7 Spellcasting
 + Level 2.0 Conjurations
 + Level 1.4 Summonings
 + Level 1.1 Translocations


You had 3 spell levels left.
You knew the following spells:

 Your Spells              Type           Power        Failure   Level
a - Magic Dart            Conj           ##..         4%          1
b - Blink                 Tloc           N/A          11%         2
c - Call Imp              Summ           ##......     9%          2
d - Conjure Flame         Conj/Fire      #.......     22%         3
e - Mephitic Cloud        Conj/Pois/Air  #.......     24%         3

Your spell library contained the following spells:

 Spells                   Type           Power        Failure   Level
 Slow                     Hex            #.......     16%         2


Dungeon Overview and Level Annotations

Branches:
Dungeon (3/15)

Altars:

Annotations:
D:3 Natasha


Message History

The rat closely misses you.
Unknown command.
You hit the rat.
You kill the rat!
Unknown command.
* * * LOW HITPOINT WARNING * * *
You feel sick.
You see here a rat corpse.
You swap places.
An iguana comes into view.
Your crimson imp misses the orc.
The orc hits your crimson imp with a +0 dagger.
Your crimson imp hits the orc.
Natasha, Servant of Life and Death comes into view.
* * * LOW HITPOINT WARNING * * *
You feel sick.
Your crimson imp hits the orc.
The orc hits your crimson imp with a +0 dagger.
Natasha stares at you and mumbles some strange words.
The magic dart hits you.
You die... .#... .#.. . l.h

.. #########.. ##..
#......... ...
#........#######.#
#........##......#$##
#......@.5o5....$...#
######.####.######.##.##
#. #...# # o...... #.
#.### #.#.. ...
#.##.#### #.#.. ...
#.......# o... ...
###.....# #.##.. #..[..#
#...## #.....# #....#


You could see an iguana (asleep), Natasha, an orc and 2 friendly crimson imps.

Vanquished Creatures
  3 adders
  An ooze (D:2)
  A worm (D:2)
  3 dart slugs
  An orc (D:3)
  A ball python (D:1)
  3 giant cockroaches
  3 goblins
  6 hobgoblins
  8 kobolds
  A quokka (D:2)
  8 bats
  A frilled lizard (D:1)
  7 rats
47 creatures vanquished.

Vanquished Creatures (collateral kills)
  Natasha (D:3)
  An adder (D:2)
  2 jackals (D:2)
4 creatures vanquished.

Grand Total: 51 creatures vanquished

Notes
Turn   | Place    | Note
-------+----------+-------------------------------------------
     0 | D:1      | Conn the Deep Elf Hedge Wizard began the quest for the Orb.
     0 | D:1      | Reached XP level 1. HP: 10/10 MP: 7/7
   198 | D:1      | Reached XP level 2. HP: 14/15 MP: 0/9
   277 | D:1      | Learned a level 2 spell: Blink
   280 | D:1      | Learned a level 2 spell: Call Imp
   349 | D:1      | Reached skill level 5 in Spellcasting
  1210 | D:2      | Reached XP level 3. HP: 19/19 MP: 11/11
  1956 | D:2      | Reached XP level 4. HP: 14/24 MP: 11/13
  2255 | D:3      | Noticed Natasha
  2419 | D:2      | Learned a level 3 spell: Conjure Flame
  2423 | D:2      | Learned a level 3 spell: Mephitic Cloud
  2437 | D:3      | Killed Natasha
  2744 | D:3      | Noticed Natasha
  2744 | D:3      | Killed from afar by Natasha

Illustrated notes

Levels and vault maps discovered:
D:1:      dpeg_arrival_ternary, layout_rooms
D:2:      layout_basic
D:3:      layout_basic, uniq_natasha

Skill      XL: |  1  2  3 |
---------------+----------+-----
Spellcasting   | 5 |  5.7
Dodging        | 3 |  3.1
Stealth        | 3 |  3.1
Conjurations   | 2 |  2.0
Fighting       | |  0.6
Short Blades   | |  0.8
Summonings     | |  1.4
Translocations | |  1.1

Action                   |  1- 3 |  4- 6 || total
-------------------------+-------+-------++-------
Melee: Dagger            |    38 |    27 ||    65
 Cast: Magic Dart        |    80 |    17 ||    97
       Call Imp          |     3 |     7 ||    10
       Blink             |       |     1 ||     1
  Use: Potion            |       |     3 ||     3
 Stab: Sleeping          |     6 |       ||     6
Armor: Robe              |    14 |     4 ||    18
Dodge: Dodged            |    42 |    24 ||    66

Table legend: (Time is in decaauts)
 A = Elapsed time spent in this place.
 B = Non-inter-level travel time spent in this place.
 C = Inter-level travel time spent in this place.
 D = Time resting spent in this place.
 E = Time spent auto-exploring this place.
 F = Levels seen in this place.
 G = Mean time per level.
                   A        B        C        D        E       F      G
               +--------+--------+--------+--------+--------+-----+--------+
         Total |   2743 |   2696 |     47 |   1176 |    940 |   3 |  914.3 |
       Dungeon |   2743 |   2696 |     47 |   1176 |    940 |   3 |  914.3 |
               +--------+--------+--------+--------+--------+-----+--------+

Top non-repeatable levels by time:
     D:1: 1207 daAuts
     D:2: 1205 daAuts
     D:3: 330 daAuts
